 Dungeon Crawl Stone Soup version 0.28.0-47-ge53b351184 (webtiles) character file.

Game seed: 15804116163797669128

97 101zpm the Magician (level 4, 0/40 HPs)
             Began as a Troll Hedge Wizard on Apr 28, 2022.
             Slain by a killer bee zombie (5 damage)
             ... on level 3 of the Dungeon.
             The game lasted 00:05:17 (2400 turns).

101zpm the Magician (Troll Hedge Wizard)            Turns: 2400, Time: 00:05:18

Health: 0/40       AC:  4    Str: 18    XL:     4   Next: 42%
Magic:  6/6        EV: 10    Int: 12    God:
Gold:   35         SH:  0    Dex:  9    Spells: 6/7 levels left

rFire   . . .      SeeInvis .   a - +0 dagger
rCold   . . .      Faith    .   (no shield)
rNeg    . . .      Spirit   .   b - +0 robe
rPois   .          Reflect  .   c - +0 hat
rElec   .          Harm     .   (no cloak)
rCorr   .          Rampage  .   (gloves unavailable)
Will    .....                   (boots unavailable)
Stlth   +.........              (no amulet)
HPRegen 0.93/turn               (no ring)
MPRegen 0.10/turn               (no ring)

@: no status effects
A: large, unfitting armour, claws 3, regeneration 1, shaggy fur 1, tough skin 1
a: no special abilities


You were on level 3 of the Dungeon.
You visited 1 branch of the dungeon, and saw 3 of its levels.

You collected 35 gold pieces.

Inventory:

Hand Weapons
 a - a +0 dagger (weapon)
Missiles
 k - a throwing net
Armour
 b - a +0 robe (worn)
 c - a +0 hat (worn)
Scrolls
 e - 2 scrolls of identify {unknown}
 g - a scroll of amnesia {unknown}
 i - a scroll of enchant armour {unknown}
 l - a scroll of vulnerability {unknown}
 m - a scroll of fog {unknown}
Potions
 d - a potion of resistance {unknown}
 f - a potion of berserk rage {unknown}
 h - a potion of haste {unknown}
 j - a potion of heal wounds {unknown}


   Skills:
 + Level 0.9 Fighting
 + Level 1.5 Short Blades
 + Level 2.2 Dodging
 + Level 1.2 Stealth
 + Level 2.4 Spellcasting
 + Level 0.7 Conjurations
 + Level 0.6 Summonings
 + Level 0.6 Translocations


You had 6 spell levels left.
You knew the following spells:

 Your Spells              Type           Power      Damage    Failure   Level
a - Magic Dart            Conj           12%        1d3       19%         1

Your spell library contained the following spells:

 Spells                   Type           Power      Damage    Failure   Level
 Slow                     Hex            4%         N/A       26%         1
 Blink                    Tloc           4%         N/A       30%         2
 Call Imp                 Summ           2%         N/A       30%         2
 Conjure Flame            Conj/Fire      2%         6-21      56%         3
 Mephitic Cloud           Conj/Pois/Air  2%         N/A       56%         3


Dungeon Overview and Level Annotations

Branches:
Dungeon (3/15)

Altars:

Annotations:
D:2 Sigmund


Innate Abilities, Weirdness & Mutations

You are too large for most types of armour.
You have claws for hands.
Your natural rate of healing is unusually fast.
You are covered in fur. (AC +1)
You have tough skin. (AC +1)


Message History

The killer bee zombie hits you but does no damage.
The killer bee zombie hits you.
You miss the killer bee zombie.
The killer bee zombie is severely damaged.
The killer bee zombie barely misses you.
You hit the killer bee zombie.
The killer bee zombie is severely damaged.
The killer bee zombie hits you.
* * * LOW HITPOINT WARNING * * *
The killer bee zombie misses you.
You closely miss the killer bee zombie.
The killer bee zombie is severely damaged.
The killer bee zombie hits you but does no damage.
The killer bee zombie hits you.
* * * LOW HITPOINT WARNING * * *
You hit the killer bee zombie.
The killer bee zombie is severely damaged.
The killer bee zombie hits you but does no damage.
You miss the killer bee zombie.
The killer bee zombie is severely damaged.
The killer bee zombie hits you.
* * * LOW HITPOINT WARNING * * *
The killer bee zombie hits you.
* * * LOW HITPOINT WARNING * * *
You miss the killer bee zombie.
The killer bee zombie is severely damaged.
The killer bee zombie hits you but does no damage.
The killer bee zombie hits you.
* * * LOW HITPOINT WARNING * * *
You hit the killer bee zombie.
The killer bee zombie is almost destroyed.
The killer bee zombie barely misses you.
You hit the killer bee zombie but do no damage.
The killer bee zombie is almost destroyed.
The killer bee zombie hits you but does no damage.
The killer bee zombie closely misses you.
You hit the killer bee zombie.
The killer bee zombie is almost destroyed.
The killer bee zombie hits you.
You die...

#.# #.............. #.#
#......g....... #.# #.....#.###
#.###.#####.# #.#....SZg..#
#.#.#.######## #.......gZ...#
#.#.## #######..#######Z#
#.#.#. ......#.....# #@# #.#.#.
#####.##.##.####.# #.#.#.
#.....รท....#.# #.#.#.
###...#.##.#.# ######.#.#.
#####...#.##.#.# .......#.#.
#.......#.##.#.# #.........
#.####..#.##.#.#######.....#.#.
#.# #..#.##.#.##............#.
###.#
#..#.##.#...............##


You could see a killer bee zombie.

Vanquished Creatures
  Ijyb (D:3)
  2 adders (D:2)
  An ufetubus (D:3)
  A dart slug (D:3)
  6 endoplasms
  2 giant cockroaches (D:1)
  A goblin (D:1)
  3 hobgoblins
  4 kobolds (D:2)
  3 quokkas
  6 ball pythons
  6 bats
  9 frilled lizards
  3 rats
48 creatures vanquished.

Notes
Turn   | Place    | Note
-------+----------+-------------------------------------------
     0 | D:1      | 101zpm the Troll Hedge Wizard began the quest for the Orb.
     0 | D:1      | Reached XP level 1. HP: 16/16 MP: 2/2
   141 | D:2      | Noticed Sigmund
   144 | D:3      | Found a faded altar of an unknown god.
   174 | D:2      | Reached XP level 2. HP: 9/24 MP: 2/4
   505 | D:1      | Reached XP level 3. HP: 30/32 MP: 5/5
  1578 | D:1      | Reached skill level 1 in Short Blades
  2091 | D:3      | Reached XP level 4. HP: 36/40 MP: 6/6
  2296 | D:3      | Noticed Ijyb
  2379 | D:3      | Killed Ijyb
  2400 | D:3      | Slain by a killer bee zombie

Illustrated notes

Levels and vault maps discovered:
D:1:      ncdulo_wetmaze, layout_basic, minmay_lizard_pond
D:2:      layout_basic, hex_large, wad_floor_pattern_untrapped, uniq_sigmund
D:3:      layout_basic, nicolae_ecumenical_pavilion, uniq_ijyb, uniq_terence,
          uniq_natasha, uniq_pargi

Skill      XL: |  1  2  3 |
---------------+----------+-----
Dodging        | 2 |  2.2
Short Blades   | 1 |  1.5
Fighting       | |  0.9
Stealth        | |  1.2
Spellcasting   | |  2.4
Conjurations   | |  0.7
Summonings     | |  0.6
Translocations | |  0.6

Action                   |  1- 3 |  4- 6 || total
-------------------------+-------+-------++-------
Melee: Dagger            |   304 |    90 ||   394
       Punch             |     1 |     1 ||     2
 Cast: Magic Dart        |    32 |     5 ||    37
 Stab: Sleeping          |     3 |       ||     3
Armor: Robe              |   125 |    28 ||   153
Dodge: Dodged            |   174 |    53 ||   227
